 Dungeon Crawl Stone Soup version 0.23-a0-32-g1388f29e54 (webtiles) character file.

12 Esekla the Vexing (level 2, 0/20 HPs)
             Began as a Formicid Enchanter on Aug 3, 2018.
             Succumbed to an adder's poison
             ... on level 2 of the Dungeon.
             The game lasted 00:05:37 (303 turns).

Esekla the Vexing (Formicid Enchanter)               Turns: 303, Time: 00:05:37

Health: 0/20       AC:  3    Str: 12    XL:     2   Next: 45%
Magic:  4/4        EV: 12    Int: 14    God:
Gold:   25         SH:  0    Dex: 11    Spells: 4/5 levels left

rFire    . . .     SeeInvis +   j - -2 dagger (curse)
rCold    . . .     Gourm    .   (no shield)
rNeg     . . .     Faith    .   b - +1 robe
rPois    .         Spirit   .   (helmet unavailable)
rElec    .         Reflect  .   (no cloak)
rCorr    .         Harm     .   (no gloves)
MR       .....     Clarity  +   (no boots)
Stlth    ++........             c - amulet of regeneration
HPRegen  0.46/turn              (no ring)
MPRegen  0.09/turn              (no ring)

@: lethally poisoned (0 -> -3)
A: permanent stasis, dig shafts and tunnels, four strong arms, antennae 3,
hooves 1, clarity, low mp 1
a: Dig, Shaft Self


You were on level 2 of the Dungeon.
You were not hungry.

You visited 1 branch of the dungeon, and saw 2 of its levels.

You collected 25 gold pieces.

Inventory:

Hand Weapons
 a - a +1 dagger
 j - a cursed -2 dagger (weapon)
Missiles
 e - 8 tomahawks
 i - 24 stones (quivered)
Armour
 b - a +1 robe (worn)
Jewellery
 c - an amulet of regeneration (around neck)
Scrolls
 h - 2 scrolls of identify
Potions
 k - a potion of ambrosia
Comestibles
 d - a ration


   Skills:
 * Level 0.9 Fighting
 * Level 1.3 Short Blades
 + Level 1.8 Dodging
 + Level 3.8 Stealth
 + Level 2.3 Spellcasting
 + Level 3.8 Hexes


You had 4 spell levels left.
You knew the following spells:

 Your Spells              Type           Power        Failure   Level  Hunger
a - Corona                Hex            ##.....      4%          1    #......

Your spell library contained the following spells:

 Spells                   Type           Power        Failure   Level  Hunger
 Confuse                  Hex            ##......     14%         3    ###....
 Tukima's Dance           Hex            ##......     14%         3    ###....
 Ensorcelled Hibernation  Hex/Ice        #.....       16%         2    ###....
 Dazzling Spray           Conj/Hex       #.....       32%         3    ###....


Dungeon Overview and Level Annotations

Branches:
Dungeon (2/15)

Altars:


Innate Abilities, Weirdness & Mutations

You cannot be hasted, slowed, berserked, paralysed or teleported.
You can dig through walls and to a lower floor.
Your four strong arms can wield two-handed weapons with a shield.
You have a pair of large antennae on your head. (SInv)
You have large cloven feet.
You possess an exceptional clarity of mind.
Your magical capacity is low. (-10% MP)


Message History

You are poisoned.
The adder poisons you!
You barely miss the adder. Your kick misses the adder.
The adder is moderately wounded.
You feel sick. The adder bites you.
You are more poisoned.
The adder poisons you!
You hit the adder but do no damage.
The adder is moderately wounded.
The adder bites you.
* * * LOW HITPOINT WARNING * * *
You closely miss the adder.
The adder is moderately wounded.
You feel sick. The adder bites you.
* * * LOW HITPOINT WARNING * * *
You are more poisoned.
The adder poisons you!
You barely miss the adder. Your kick misses the adder.
The adder is moderately wounded.
You die...

?.. .. #.#
.(# { ..
##.# #S.#
##@#
#######..#
>.......####
##..##.<...#
# #.#####
..( ..%..
#.###) # ..


You could see an adder.

Vanquished Creatures
  3 bats (D:1)
  A giant cockroach (D:1)
  5 goblins (D:1)
  A hobgoblin (D:1)
10 creatures vanquished.

Notes
Turn   | Place    | Note
-------+----------+-------------------------------------------
     0 | D:1      | Esekla the Formicid Enchanter began the quest for the Orb.
     0 | D:1      | Reached XP level 1. HP: 13/13 MP: 3/3
   138 | D:1      | Reached XP level 2. HP: 20/20 MP: 3/5
   268 | D:1      | Gained mutation: You possess an exceptional clarity of mind. [potion of mutation]
   268 | D:1      | Gained mutation: Your magical capacity is low. (-10% MP) [potion of mutation]
   268 | D:1      | Gained mutation: You have large cloven feet. [potion of mutation]
   302 | D:2      | HP: 1/20 [adder (5)]
   303 | D:2      | Succumbed to an adder's poison

Vault maps used:
D:1:      minmay_arrival_open_corners
D:2:      nicolae_overflow_hidden_temple

Action                   || total
-------------------------++-------
Melee: Dagger            ||    35
Throw: Tomahawk          ||     2
       Stone             ||     5
 Cast: Corona            ||     4
  Use: Scroll            ||     4
       Potion            ||     1
 Stab: Sleeping          ||     2
Armor: Robe              ||     5
Dodge: Dodged            ||    18

Table legend:
 A = Spawn XP
 B = Non-spawn XP
 C = Spawn XP percentage of total XP
 D = Spawn monster count
 E = Non-spawn monster count
 F = Spawn count percentage of total count
 G = Total turns spent on level
                    A         B        C        D         E        F      G
               +---------+---------+-------+---------+---------+-------+---------
         Total |       0 |      18 |   0.0 |       0 |      10 |   0.0 |   303
               +---------+---------+-------+---------+---------+-------+---------
           D:1 |       0 |      18 |   0.0 |       0 |      10 |   0.0 |   288
               +---------+---------+-------+---------+---------+-------+---------
